 Dungeon Crawl Stone Soup version 0.31-a0-182-gc5ef74bbde (webtiles) character file.

Game seed: 4787610200516681966

181136 qw the Severer (level 18, -2/114 HPs)
             Began as a Gargoyle Fighter on June 20, 2023.
             Was a High Priest of Okawaru.
             Slain by a salamander
             ... wielding a +0 trident
              (6 damage)
             ... on level 4 of the Snake Pit.
             The game lasted 00:16:58 (31159 turns).

qw the Severer (Gargoyle Fighter)                  Turns: 31159, Time: 00:16:59

Health: -2/114     AC: 57    Str: 32      XL:     18   Next: 29%
Magic:  13/25      EV: 14    Int: 11      God:    Okawaru [*****.]
Gold:   1256       SH: 24    Dex:  8 (9)  Spells: 17/17 levels left

rFire   + + .        Y - +2 broad axe (heavy)
rCold   . . .        w - +3 tower shield of Weirdness {Rampage *Corrode rF++}
rNeg    + . .        t - +4 crystal plate armour
rPois   inf          o - +1 hat
rElec   +            k - +2 cloak {Stlth+}
rCorr   .            g - +2 pair of gloves
SInv    .            s - +2 pair of boots
Will    +....        e - amulet of faith Stlth
                     z - +5 ring of evasion
HPRegen 0.39/turn    c - +6 ring of strength
MPRegen 0.19/turn

%: corrode self (3%), rampage, faith
@: heroic, weakened, untranslocatable, flying, slowed, very slow
A: sickness immunity, AC +13, big wings, negative energy resistance 1,
electricity resistance, torment resistance 1, petrification resistance, horns 1,
deterioration 1
a: Renounce Religion, Heroism, Finesse, Duel


You were on level 4 of the Snake Pit.
You worshipped Okawaru.
Okawaru was extremely pleased with you.
You visited 6 branches of the dungeon, and saw 30 of its levels.

You collected 2563 gold pieces.
You spent 1307 gold pieces at shops.


Innate Abilities, Weirdness & Mutations

You are immune to sickness and miasma.
Your stone body is resilient. (AC +13)
You are immune to poison.
Your large and strong wings let you fly.
You resist negative energy. (rN+)
You are resistant to electric shocks. (rElec)
You are resistant to unholy torment.
You are immune to petrification.
You have a pair of small horns on your head.
Your body sometimes deteriorates upon taking damage.


   Skills:
 - Level 13.0(18.0) Fighting
 - Level 18.0(23.0) Axes
 - Level 7.0(12.0) Throwing
 + Level 15.0(20.0) Armour
 - Level 3.0(8.0) Dodging
 - Level 17.5(22.5) Shields
 - Level 10.0 Invocations


You had 17 spell levels left.
You didn't know any spells.
Your spell library was empty.

Inventory:

Hand Weapons
 Y - a +2 heavy broad axe (weapon)
Missiles
 v - a boomerang of dispersal
 x - 13 boomerangs
 y - 9 javelins (quivered)
Armour
 g - a +2 pair of gloves (worn)
 k - a +2 cloak of stealth (worn)
 o - a +1 hat (worn)
 p - the scarf of the Game of Kings {shadows, Rampage +Inv rCorr}
   (Okawaru gifted it to you on level 14 of the Dungeon)

   +Inv:      It lets you turn invisible.
   rCorr:     It protects you from acid and corrosion.
   Rampage:   It bestows one free step when moving towards enemies.
 s - a +2 pair of boots (worn)
 t - a +4 crystal plate armour (worn)
 w - the +3 tower shield of Weirdness (worn) {Rampage *Corrode rF++}
   (You bought it in a shop on level 2 of the Orcish Mines)

   rF:        It greatly protects you from fire.
   *Corrode:  It may corrode you when you take damage.
   Rampage:   It bestows one free step when moving towards enemies.
 B - +0 acid dragon scales
Jewellery
 c - a +6 ring of strength (right hand)
 e - an amulet of faith (around neck)
 h - a ring of protection from cold
 j - a ring of protection from fire
 q - a ring of ice
 u - a ring of protection from fire
 z - a +5 ring of evasion (left hand)
 C - an amulet of reflection
 E - the ring of the Komodo Dragon {Fire Str+3 Dex-5}
   (You bought it in a shop on level 1 of the Snake Pit)

   [ring of fire]

   It enhances your fire magic.
   Str:       It affects your strength (+3).
   Dex:       It affects your dexterity (-5).
   rF:        It protects you from fire.
   rC:        It makes you vulnerable to cold.
Wands
 G - a wand of digging (6)
Scrolls
 a - 21 scrolls of identify
 n - 4 scrolls of teleportation
Potions
 b - 7 potions of lignification
 d - 4 potions of might
 f - 9 potions of curing
 i - 4 potions of mutation
 l - 3 potions of enlightenment
 m - 6 potions of attraction
 r - 5 potions of haste
 A - a potion of resistance

Dungeon Overview and Level Annotations

Branches:
Dungeon (15/15)            Temple (1/1) D:7            Lair (5/5) D:9
  Swamp (3/4) Lair:2        Snake (4/4) Lair:3        Slime (0/5) Lair:4
    Orc (2/2) D:10            Elf (0/3) Orc:2        Vaults (0/5) D:14
 Depths (0/4) D:15

Altars:
Ashenzari
Cheibriados
Dithmenos
Elyvilon
Fedhas
Gozag
Hepliaklqana
Kikubaaqudgha
Makhleb
Nemelex Xobeh
Okawaru
Qazlal
Ru
Sif Muna
Trog
Uskayaw
Vehumet
Wu Jian
Xom
Yredelemnul
Zin
The Shining One
Jiyva

Shops:
D:4 *   D:5 :   D:14 *   Orc:2 (:(*[   Snake:1 =

Annotations:
D:3 exclusion: 2 hobgoblins
Snake:2 2 transporters
Orc:1 3 runed translucent doors, 1 transporter, Ciata's ghost, journeyman MiBe; Tinen's ghost, journeyman TrMo


Message History

The naga sharpshooter magically shoots an arrow.
The arrow closely misses you.
The nagaraja gestures at you while chanting.
You feel firmly anchored in space.
Your teleport is interrupted.
You block the anaconda's attack. The anaconda barely misses you.
The nagaraja hits you but does no damage.
The naga sharpshooter gestures wildly while chanting.
The naga sharpshooter magically shoots an arrow.
The arrow closely misses you. You block the naga's attack.
The naga barely misses you.
The salamander tyrant hits you but does no damage.
You slash the anaconda!
You headbutt the anaconda, but do no damage.
The anaconda is almost dead.
You slash the naga!
You kill the naga!
Okawaru accepts your kill.
You slice the salamander tyrant!!
The salamander tyrant no longer looks unusually strong.
The naga sharpshooter no longer looks unusually strong.
The salamander no longer looks unusually strong.
The naga sharpshooter no longer looks unusually strong.
You block the anaconda's attack. x2
The nagaraja hits you but does no damage.
The nagaraja hits you from afar with a +0 antimagic halberd!
You feel your power leaking away. The anaconda barely misses you.
The anaconda bites you but does no damage.
The naga sharpshooter casts a spell.
The naga sharpshooter magically shoots an arrow.
You block the arrow.
The naga sharpshooter spits poison at you.
The splash of poison misses you. The nagaraja spits poison at you.
You block the splash of poison. You block the nagaraja's attack.
The salamander tyrant closely misses you.
You block the anaconda's attack.
The anaconda bites you but does no damage.
The salamander hits you from afar with a +0 trident.
You die... }... ....
N...# ####NNN## ##S..NN..# ##NNNNNNN

##.))SN# #..N@##
#..%..########
##.$..)......###
###........%..##
#########..(.#
##...........#
#.....).....####
#..##.....#######..#
#.....<............###


You could see 2 nagarajas, 6 naga sharpshooters, a salamander tyrant, a
salamander, an anaconda, a naga ritualist, a black mamba, a naga mage (fast) and
3 nagas.

Vanquished Creatures
  Mara (Swamp:3)
  Nikola (Swamp:2)
  Jorgrun (D:13)
  Rupert (Lair:5)
  Kirke (Swamp:1)
  Donald (Swamp:2)
  3 nagarajas
  A fire giant (D:15)
  Aizul (Snake:1)
  4 ghouls (Swamp:3)
  An orc warlord (Orc:1)
  7 eleionomae
  2 bunyips (Swamp:3)
  A dire elephant (Lair:5)
  Snorg (D:12)
  2 fire dragons
  Fannar (Orc:1)
  8 hydras
  Erolcha (D:13)
  9 anacondas
  5 centaur warriors
  3 boulder beetles
  A two-headed ogre (D:14)
  5 alligators
  13 death yaks
  A tengu warrior (D:13)
  9 naga warriors
  9 naga sharpshooters
  Sonja (Orc:1)
  Urug (D:14)
  9 shock serpents
  3 orc high priests (Orc:2)
  8 spriggans
  Nergalle (Orc:1)
  2 goliath frogs
  2 salamander mystics
  2 skysharks
  5 naga ritualists
  4 bog bodies
  Pikel (D:7)
  5 lindwurms (Lair:5)
  2 spriggan druids
  6 orc knights (Orc:2)
  5 swamp dragons
  A deep elf pyromancer (D:14)
  A wolf spider (D:15)
  6 will-o-the-wisps
  14 ugly things
  13 mana vipers
  5 orc sorcerers
  6 salamanders
  17 elephants
  2 manticores
  5 cyclopes
  6 guardian serpents
  8 naga magi
  38 black mambas
  Joseph (D:7)
  4 gargoyles
  A torpor snail (Lair:3)
  4 rime drakes (Lair:5)
  13 cane toads
  4 kobold demonologists (D:12)
  An unseen horror (D:13)
  2 freezing wraiths (Swamp:1)
  6 komodo dragons
  An efreet (D:14)
  4 trolls
  A bloated husk (Swamp:3)
  8 tyrant leeches
  9 dream sheep (Lair:5)
  3 polar bears (Lair:1)
  4 hornets
  8 slime creatures
  28 blink frogs
  4 wyverns
  44 yaks
  A jumping spider (shapeshifter) (D:12)
  3 shadows
  A vampire (D:10)
  Eustachio (D:6)
  2 wraiths
  7 basilisks
  20 humans
  A redback simulacrum (D:15)
  2 steam dragons
  14 vampire mosquitoes
  13 swamp worms
  25 nagas
  6 wargs
  18 water moccasins
  4 acid dragons
  4 swamp drakes
  6 black bears
  2 ice beasts
  23 orc warriors
  6 wolves
  8 ogres
  4 centaurs
  3 lemures (D:7)
  2 phantoms (D:5)
  2 kobold brigands
  Blork the orc (D:4)
  11 bullfrogs
  5 scorpions
  3 wights (D:6)
  9 killer bees
  9 howler monkeys
  7 hounds
  3 jellies
  17 orc priests
  10 iguanas
  Ijyb (D:4)
  A sleepcap (D:4)
  Terence (D:3)
  30 orc wizards
  6 hell rats (Lair:4)
  12 adders
  4 gnolls (D:4)
  3 shadow imps
  2 white imps
  A worm (D:1)
  2 dart slugs (D:3)
  60 orcs
  9 endoplasms
  6 giant cockroaches
  10 goblins
  3 hobgoblins
  33 kobolds
  5 quokkas
  7 ball pythons
  6 bats
  6 frilled lizards
  6 rats
890 creatures vanquished.

Vanquished Creatures (others)
  A guardian serpent (Snake:4)
  2 bloated husks (Swamp:1)
  16 foxfires
19 creatures vanquished.

Grand Total: 909 creatures vanquished

Notes
Turn   | Place    | Note
-------+----------+-------------------------------------------
     0 | D:1      | qw the Gargoyle Fighter began the quest for the Orb.
     0 | D:1      | Reached XP level 1. HP: 14/14 MP: 1/1
     0 | D:1      | 0 ||| qw: Version: 0.3-a-9-g12657ce
     0 | D:1      | 0 ||| qw: Game counter: 1347
     0 | D:1      | 0 ||| qw: Always use a shield: true
     0 | D:1      | 0 ||| qw: God list: Okawaru
     0 | D:1      | 0 ||| qw: Allow faded altars: false
     0 | D:1      | 0 ||| qw: Do Orc after D:15 true
     0 | D:1      | 0 ||| qw: Do second Lair branch before Depths: true
     0 | D:1      | 0 ||| qw: Lair rune preference: random
     0 | D:1      | 0 ||| qw: Plans: Normal, Zot:1-4, Slime:5, God:TSO, Crypt,
                  | Tomb, Abyss, Pan, Hells, Win
     0 | D:1      | 0 ||| PLANNING D:1-11
    29 | D:1      | Reached skill level 2 in Axes
   254 | D:1      | Reached XP level 2. HP: 19/19 MP: 2/2
   280 | D:1      | 280 ||| DROPPING +0 club.
   746 | D:1      | 746 ||| UPGRADING to +0 pair of gloves.
   751 | D:1      | 751 ||| READING 3 scrolls labelled KUGUDGH MUYME.
   752 | D:1      | 752 ||| READING scroll labelled UTHUIZ ICUURE.
   753 | D:1      | 753 ||| READING scroll labelled GONEUT NAFURGHI.
   754 | D:1      | 754 ||| READING scroll labelled JUHIRH DEWUY.
   755 | D:1      | 755 ||| READING scroll labelled JECADOPTASOING.
   756 | D:1      | 756 ||| DRINKING 4 fuming sapphire potions.
   757 | D:1      | 757 ||| DROPPING 2 scrolls of amnesia.
   802 | D:2      | 802 ||| STAIRDANCE
   805 | D:1      | Reached skill level 3 in Axes
   816 | D:2      | Reached XP level 3. HP: 23/23 MP: 3/3
  1040 | D:2      | Noticed a scorpion
  1047 | D:2      | Killed a scorpion
  1048 | D:2      | Reached skill level 4 in Axes
  1048 | D:2      | Reached XP level 4. HP: 28/28 MP: 4/4
  1279 | D:2      | 1279 ||| Stepping ~*~*~tactically~*~*~ (stealth).
  1282 | D:2      | 1282 ||| Stepping ~*~*~tactically~*~*~ (stealth).
  1292 | D:2      | Reached XP level 5. HP: 30/32 MP: 5/5
  1321 | D:2      | 1321 ||| Stepping ~*~*~tactically~*~*~ (stealth).
  1324 | D:2      | 1324 ||| Stepping ~*~*~tactically~*~*~ (stealth).
  1400 | D:2      | 1400 ||| Stepping ~*~*~tactically~*~*~ (stealth).
  1711 | D:2      | 1711 ||| UPGRADING to amulet of guardian spirit.
  1716 | D:2      | 1716 ||| READING scroll labelled PETOIQ CARPHECA.
  1717 | D:2      | 1717 ||| READING 2 scrolls labelled AGA COEDDO.
  1718 | D:2      | 1718 ||| DRINKING 2 smoky amethyst potions.
  1718 | D:2      | Gained mutation: Your body sometimes deteriorates upon
                  | taking damage. [potion of mutation]
  1718 | D:2      | Gained mutation: You have a pair of small horns on your
                  | head. [potion of mutation]
  1719 | D:2      | 1719 ||| READING 4 scrolls of identify.
  1719 | D:2      | 1719 ||| IDENTIFYING pink potion
  1720 | D:2      | 1720 ||| READING 3 scrolls of identify.
  1720 | D:2      | 1720 ||| IDENTIFYING murky inky potion
  1721 | D:2      | 1721 ||| READING 2 scrolls of identify.
  1721 | D:2      | 1721 ||| IDENTIFYING bubbling clear potion
  1722 | D:2      | 1722 ||| DROPPING scroll of blinking.
  1863 | D:3      | Found a shimmering blue altar of Sif Muna.
  1866 | D:3      | Found a hide-covered altar of Uskayaw.
  1881 | D:3      | 1881 ||| DROPPING orb of energy.
  1890 | D:3      | Reached skill level 5 in Axes
  1894 | D:3      | Noticed Terence
  1904 | D:3      | Killed Terence
  1912 | D:3      | 1912 ||| DROPPING +0 whip.
  1936 | D:3      | 1936 ||| Stepping ~*~*~tactically~*~*~ (stealth).
  2054 | D:3      | 2054 ||| READING scroll of enchant armour.
  2054 | D:3      | 2054 ||| ENCHANTING +0 pair of gloves.
  2075 | D:3      | 2075 ||| UPGRADING to +0 plate armour.
  2076 | D:3      | 2076 ||| UPGRADING to +0 plate armour.
  2077 | D:3      | 2077 ||| UPGRADING to +0 plate armour.
  2087 | D:3      | 2087 ||| DROPPING +0 scale mail.
  2088 | D:3      | 2088 ||| READING scroll labelled KUXICZ JISUH.
  2089 | D:3      | 2089 ||| READING scroll labelled BOLUIG VUXESU.
  2097 | D:3      | 2097 ||| READING scroll labelled VEMIYF ARR.
  2098 | D:3      | 2098 ||| READING 2 scrolls of identify.
  2098 | D:3      | 2098 ||| IDENTIFYING cyan potion
  2099 | D:3      | 2099 ||| DROPPING potion of degeneration.
  2485 | D:3      | 2485 ||| Stepping ~*~*~tactically~*~*~ (hiding).
  2515 | D:3      | 2515 ||| Stepping ~*~*~tactically~*~*~ (stealth).
  2517 | D:3      | 2517 ||| Stepping ~*~*~tactically~*~*~ (hiding).
  2528 | D:3      | Reached XP level 6. HP: 31/38 MP: 6/6
  2610 | D:3      | 2610 ||| Stepping ~*~*~tactically~*~*~ (stealth).
  2869 | D:4      | 2869 ||| Stepping ~*~*~tactically~*~*~ (hiding).
  2871 | D:4      | 2871 ||| Stepping ~*~*~tactically~*~*~ (stealth).
  3081 | D:4      | Reached skill level 6 in Axes
  3157 | D:4      | Noticed Blork the orc
  3168 | D:4      | Killed Blork the orc
  3231 | D:4      | Found Raecyur's Mass Market.
  3239 | D:4      | Reached XP level 7. HP: 43/43 MP: 7/7
  3263 | D:4      | Noticed Ijyb
  3264 | D:4      | 3264 ||| Stepping ~*~*~tactically~*~*~ (hiding).
  3277 | D:4      | Killed Ijyb
  3378 | D:4      | 3378 ||| Stepping ~*~*~tactically~*~*~ (stealth).
  3435 | D:4      | 3435 ||| Stepping ~*~*~tactically~*~*~ (hiding).
  3436 | D:4      | 3436 ||| Stepping ~*~*~tactically~*~*~ (hiding).
  3748 | D:4      | 3748 ||| UPGRADING to amulet of faith.
  3758 | D:4      | 3758 ||| DROPPING amulet of guardian spirit.
  3759 | D:4      | 3759 ||| READING 2 scrolls of identify.
  3759 | D:4      | 3759 ||| IDENTIFYING amethyst potion
  3781 | D:5      | Entered Level 5 of the Dungeon
  3788 | D:5      | 3788 ||| STAIRDANCE
  3797 | D:4      | Reached skill level 7 in Axes
  3915 | D:5      | 3915 ||| STAIRDANCE
  3951 | D:4      | 3951 ||| READING scroll of enchant armour.
  3951 | D:4      | 3951 ||| ENCHANTING +1 pair of gloves.
  4030 | D:5      | 4030 ||| Stepping ~*~*~tactically~*~*~ (hiding).
  4032 | D:5      | 4032 ||| Stepping ~*~*~tactically~*~*~ (hiding).
  4048 | D:5      | 4048 ||| Stepping ~*~*~tactically~*~*~ (hiding).
  4064 | D:5      | 4064 ||| Stepping ~*~*~tactically~*~*~ (stealth).
  4075 | D:5      | Reached XP level 8. HP: 49/50 MP: 8/8
  4215 | D:5      | Reached skill level 1 in Dodging
  4239 | D:5      | 4239 ||| READING scroll of enchant weapon.
  4239 | D:5      | 4239 ||| ENCHANTING +1 war axe.
  4540 | D:5      | 4540 ||| Stepping ~*~*~tactically~*~*~ (hiding).
  4542 | D:5      | 4542 ||| Stepping ~*~*~tactically~*~*~ (hiding).
  4543 | D:5      | 4543 ||| Stepping ~*~*~tactically~*~*~ (hiding).
  4555 | D:5      | 4555 ||| FLEEEEING.
  4556 | D:5      | 4556 ||| FLEEEEING.
  4557 | D:5      | 4557 ||| FLEEEEING.
  4695 | D:5      | Found Owkaq's Book Boutique.
  4721 | D:5      | 4721 ||| Stepping ~*~*~tactically~*~*~ (hiding).
  4722 | D:5      | 4722 ||| Stepping ~*~*~tactically~*~*~ (hiding).
  4728 | D:5      | Reached skill level 8 in Axes
  4846 | D:5      | Reached skill level 6 in Fighting
  5005 | D:5      | 5005 ||| UPGRADING to +2 cloak of stealth.
  5010 | D:5      | 5010 ||| UPGRADING to +4 ring of protection.
  5011 | D:5      | 5011 ||| READING scroll labelled ILOCWO MA ASESM.
  5069 | D:6      | 5069 ||| Stepping ~*~*~tactically~*~*~ (stealth).
  5072 | D:6      | 5072 ||| STAIRDANCE
  5128 | D:6      | 5128 ||| STAIRDANCE
  5180 | D:6      | Reached skill level 1 in Throwing
  5214 | D:6      | Reached XP level 9. HP: 55/55 MP: 9/9
  5236 | D:6      | Reached skill level 9 in Axes
  5237 | D:6      | Identified the +2 robe of Soft Rains {rF+ Str+3}
  5297 | D:6      | Noticed Eustachio
  5343 | D:6      | Killed Eustachio
  5478 | D:6      | Reached skill level 6 in Armour
  5518 | D:6      | 5518 ||| Stepping ~*~*~tactically~*~*~ (stealth).
  5893 | D:6      | Found an opulent altar of Gozag.
  5893 | D:6      | Found a glowing silver altar of Zin.
  5906 | D:6      | 5906 ||| UPGRADING to +0 tower shield.
  5916 | D:6      | 5916 ||| DROPPING +0 buckler.
  5917 | D:6      | 5917 ||| READING 3 scrolls of identify.
  5917 | D:6      | 5917 ||| IDENTIFYING emerald potion
  5976 | D:7      | Noticed Pikel
  5977 | D:7      | 5977 ||| Stepping ~*~*~tactically~*~*~ (stealth).
  5996 | D:7      | Killed Pikel
  5997 | D:7      | Reached skill level 6 in Shields
  6094 | D:7      | Noticed Joseph
  6096 | D:7      | 6096 ||| Stepping ~*~*~tactically~*~*~ (hiding).
  6113 | D:7      | Killed Joseph
  6114 | D:7      | Reached XP level 10. HP: 63/63 MP: 10/10
  6121 | D:7      | Found a staircase to the Ecumenical Temple.
  6122 | D:7      | 6122 ||| PLANNING TEMPLE
  6127 | Temple   | Entered the Ecumenical Temple
  6181 | Temple   | 6181 ||| PLANNING OKAWARU WORSHIP
  6332 | Temple   | Became a worshipper of Warmaster Okawaru
  6333 | Temple   | 6333 ||| PLANNING D:1-11
  6380 | D:7      | 6380 ||| Stepping ~*~*~tactically~*~*~ (stealth).
  6584 | D:7      | HP: 9/63 [swamp worm (13)]
  6585 | D:7      | 6585 ||| READING 2 scrolls of teleportation.
  6586 | D:7      | 6586 ||| DRINKING 2 potions of heal wounds.
  6826 | D:7      | 6826 ||| UPGRADING to ring of protection from fire.
  6827 | D:7      | 6827 ||| UPGRADING to +6 ring of strength.
  6829 | D:7      | 6829 ||| UPGRADING to +4 ring of protection.
  6873 | D:8      | Reached * piety under Okawaru
  7141 | D:8      | Reached skill level 1 in Invocations
  7277 | D:8      | 7277 ||| INVOKING Heroism.
  7280 | D:8      | Reached skill level 9 in Shields
  7695 | D:8      | 7695 ||| READING scroll labelled PEM UNWEUKHLECK.
  7696 | D:8      | 7696 ||| READING 3 scrolls of identify.
  7696 | D:8      | 7696 ||| IDENTIFYING fizzy grey potion
  7782 | D:9      | 7782 ||| Stepping ~*~*~tactically~*~*~ (hiding).
  7807 | D:9      | 7807 ||| Stepping ~*~*~tactically~*~*~ (stealth).
  7808 | D:9      | 7808 ||| Stepping ~*~*~tactically~*~*~ (hiding).
  7809 | D:9      | 7809 ||| Stepping ~*~*~tactically~*~*~ (hiding).
  7983 | D:8      | 7983 ||| INVOKING Heroism.
  8133 | D:8      | 8133 ||| DRINKING 6 potions of curing.
  8133 | D:8      | 8133 ||| (to cure confusion)
  8136 | D:8      | 8136 ||| DRINKING 5 potions of curing.
  8136 | D:8      | 8136 ||| (to cure confusion)
  8148 | D:8      | 8148 ||| DROPPING +0 flail.
  8376 | D:9      | 8376 ||| Stepping ~*~*~tactically~*~*~ (hiding).
  8377 | D:9      | 8377 ||| Stepping ~*~*~tactically~*~*~ (hiding).
  8379 | D:9      | 8379 ||| DRINKING 4 potions of curing.
  8379 | D:9      | 8379 ||| (to cure confusion)
  8383 | D:9      | 8383 ||| Stepping ~*~*~tactically~*~*~ (hiding).
  8456 | D:9      | Reached skill level 3 in Invocations
  8468 | D:9      | 8468 ||| INVOKING Heroism.
  8474 | D:9      | Reached ** piety under Okawaru
  8489 | D:9      | 8489 ||| FLEEEEING.
  8490 | D:9      | 8490 ||| FLEEEEING.
  8491 | D:9      | 8491 ||| INVOKING Heroism.
  8574 | D:9      | 8574 ||| Stepping ~*~*~tactically~*~*~ (hiding).
  8575 | D:9      | 8575 ||| Stepping ~*~*~tactically~*~*~ (hiding).
  8667 | D:9      | Found a staircase to the Lair.
  8695 | D:9      | Identified the +0 robe of Analysis {rPois}
  9020 | D:9      | 9020 ||| PLANNING LAIR
  9020 | D:9      | 9020 ||| DRINKING 2 smoky emerald potions.
  9021 | D:9      | 9021 ||| DROPPING potion of brilliance.
  9054 | Lair:1   | Entered Level 1 of the Lair of Beasts
  9063 | Lair:1   | Reached XP level 11. HP: 58/67 MP: 14/14
  9063 | Lair:1   | 9063 ||| STAIRDANCE
  9067 | D:9      | 9067 ||| INVOKING Heroism.
  9164 | Lair:1   | Identified the +0 robe of the Okapi {rC- rN+ Int+5 SInv}
  9271 | Lair:1   | 9271 ||| INVOKING Heroism.
  9278 | Lair:1   | Reached skill level 12 in Shields
  9342 | Lair:1   | 9342 ||| Stepping ~*~*~tactically~*~*~ (hiding).
  9375 | Lair:1   | 9375 ||| INVOKING Heroism.
  9387 | Lair:1   | Reached *** piety under Okawaru
  9392 | Lair:1   | 9392 ||| Stepping ~*~*~tactically~*~*~ (stealth).
  9393 | Lair:1   | 9393 ||| Stepping ~*~*~tactically~*~*~ (stealth).
  9537 | Lair:1   | 9537 ||| INVOKING Heroism.
  9631 | Lair:1   | 9631 ||| Stepping ~*~*~tactically~*~*~ (stealth).
  9633 | Lair:1   | 9633 ||| Stepping ~*~*~tactically~*~*~ (stealth).
  9635 | Lair:1   | 9635 ||| Stepping ~*~*~tactically~*~*~ (stealth).
  9647 | Lair:1   | 9647 ||| INVOKING Heroism.
  9652 | Lair:1   | Reached skill level 10 in Axes
  9660 | Lair:1   | Reached **** piety under Okawaru
  9782 | Lair:1   | 9782 ||| INVOKING Heroism.
  9858 | Lair:1   | 9858 ||| INVOKING Heroism.
  9885 | Lair:1   | 9885 ||| INVOKING Heroism.
  9974 | Lair:1   | 9974 ||| INVOKING Heroism.
 10012 | Lair:1   | 10012 ||| INVOKING Heroism.
 10137 | Lair:1   | Noticed a boulder beetle
 10138 | Lair:1   | 10138 ||| INVOKING Heroism.
 10170 | Lair:1   | 10170 ||| INVOKING Heroism.
 10175 | Lair:1   | Killed a boulder beetle
 10377 | Lair:2   | Reached XP level 12. HP: 65/73 MP: 16/16
 10470 | Lair:2   | Reached skill level 6 in Invocations
 10608 | Lair:2   | 10608 ||| Stepping ~*~*~tactically~*~*~ (stealth).
 10759 | Lair:2   | 10759 ||| INVOKING Heroism.
 10980 | Lair:2   | Found a staircase to the Swamp.
 10996 | Lair:2   | 10996 ||| Stepping ~*~*~tactically~*~*~ (hiding).
 11000 | Lair:2   | 11000 ||| INVOKING Heroism.
 11278 | Lair:2   | 11278 ||| Stepping ~*~*~tactically~*~*~ (stealth).
 11425 | Lair:2   | 11425 ||| DROPPING ring of wizardry.
 11426 | Lair:2   | 11426 ||| READING 4 scrolls of identify.
 11426 | Lair:2   | 11426 ||| IDENTIFYING red potion
 11427 | Lair:2   | 11427 ||| DROPPING potion of ambrosia.
 11465 | Lair:3   | 11465 ||| INVOKING Heroism.
 11479 | Lair:3   | Reached skill level 11 in Axes
 11506 | Lair:3   | 11506 ||| Stepping ~*~*~tactically~*~*~ (stealth).
 11535 | Lair:3   | Found a staircase to the Snake Pit.
 11665 | Lair:3   | Reached ***** piety under Okawaru
 11673 | Lair:3   | 11673 ||| Stepping ~*~*~tactically~*~*~ (stealth).
 11717 | Lair:3   | Noticed a death yak
 11717 | Lair:3   | Noticed a death yak
 11717 | Lair:3   | Noticed a death yak
 11718 | Lair:3   | 11718 ||| Stepping ~*~*~tactically~*~*~ (stealth).
 11719 | Lair:3   | 11719 ||| INVOKING Heroism.
 11720 | Lair:3   | Noticed a death yak
 11721 | Lair:3   | 11721 ||| Stepping ~*~*~tactically~*~*~ (stealth).
 11726 | Lair:3   | Noticed a death yak
 11735 | Lair:3   | Noticed a death yak
 11742 | Lair:3   | Killed a death yak
 11742 | Lair:3   | Received a gift from Okawaru
 11743 | Lair:3   | 11743 ||| INVOKING Finesse.
 11743 | Lair:3   | HP: 10/73 [death yak (9)]
 11744 | Lair:3   | 11744 ||| READING scroll of teleportation.
 11745 | Lair:3   | 11745 ||| DRINKING potion of heal wounds.
 11797 | Lair:3   | 11797 ||| INVOKING Heroism.
 11874 | Lair:3   | 11874 ||| INVOKING Heroism.
 11911 | Lair:3   | 11911 ||| Stepping ~*~*~tactically~*~*~ (stealth).
 11913 | Lair:3   | 11913 ||| Stepping ~*~*~tactically~*~*~ (stealth).
 11915 | Lair:3   | 11915 ||| Stepping ~*~*~tactically~*~*~ (stealth).
 11916 | Lair:3   | 11916 ||| INVOKING Heroism.
 11933 | Lair:3   | Killed a death yak
 11939 | Lair:3   | Killed a death yak
 11940 | Lair:3   | Reached skill level 9 in Invocations
 11941 | Lair:3   | Killed a death yak
 11942 | Lair:3   | 11942 ||| INVOKING Finesse.
 11945 | Lair:3   | HP: 16/75 [death yak (7)]
 11948 | Lair:3   | Killed a death yak
 11953 | Lair:3   | Killed a death yak
 11963 | Lair:3   | 11963 ||| Stepping ~*~*~tactically~*~*~ (stealth).
 11964 | Lair:3   | 11964 ||| Stepping ~*~*~tactically~*~*~ (stealth).
 12108 | Lair:3   | 12108 ||| FLEEEEING.
 12109 | Lair:3   | 12109 ||| FLEEEEING.
 12111 | Lair:3   | 12111 ||| FLEEEEING.
 12112 | Lair:3   | 12112 ||| INVOKING Heroism.
 12121 | Lair:3   | Reached skill level 9 in Fighting
 12121 | Lair:3   | Reached XP level 13. HP: 70/80 MP: 18/20
 12313 | Lair:3   | 12313 ||| Stepping ~*~*~tactically~*~*~ (stealth).
 12315 | Lair:3   | Received a gift from Okawaru
 12317 | Lair:3   | 12317 ||| Stepping ~*~*~tactically~*~*~ (stealth).
 12318 | Lair:3   | 12318 ||| Stepping ~*~*~tactically~*~*~ (stealth).
 12349 | Lair:3   | 12349 ||| Stepping ~*~*~tactically~*~*~ (stealth).
 12350 | Lair:3   | 12350 ||| Stepping ~*~*~tactically~*~*~ (stealth).
 12351 | Lair:3   | 12351 ||| INVOKING Heroism.
 12414 | Lair:3   | 12414 ||| Stepping ~*~*~tactically~*~*~ (stealth).
 12416 | Lair:3   | 12416 ||| Stepping ~*~*~tactically~*~*~ (stealth).
 12418 | Lair:3   | 12418 ||| INVOKING Heroism.
 12846 | Lair:3   | 12846 ||| Stepping ~*~*~tactically~*~*~ (stealth).
 12851 | Lair:3   | 12851 ||| Stepping ~*~*~tactically~*~*~ (stealth).
 13347 | Lair:4   | 13347 ||| PLANNING GAUNTLET
 13347 | Lair:4   | 13347 ||| INVOKING Heroism.
 13348 | Lair:4   | 13348 ||| INVOKING Finesse.
 13360 | Lair:4   | Reached skill level 3 in Throwing
 13379 | Lair:4   | Received a gift from Okawaru
 13473 | Lair:4   | 13473 ||| SWAPPING to +0 heavy broad axe.
 13474 | Lair:4   | 13474 ||| DROPPING +2 war axe.
 13564 | Lair:4   | 13564 ||| INVOKING Heroism.
 13596 | Lair:4   | 13596 ||| Stepping ~*~*~tactically~*~*~ (stealth).
 13603 | Lair:4   | 13603 ||| Stepping ~*~*~tactically~*~*~ (stealth).
 13605 | Lair:4   | 13605 ||| Stepping ~*~*~tactically~*~*~ (hiding).
 13744 | Lair:4   | 13744 ||| INVOKING Heroism.
 13745 | Lair:4   | 13745 ||| INVOKING Finesse.
 13746 | Lair:4   | 13746 ||| Stepping ~*~*~tactically~*~*~ (stealth).
 13749 | Lair:4   | 13749 ||| Stepping ~*~*~tactically~*~*~ (stealth).
 13751 | Lair:4   | 13751 ||| SWAPPING to +0 morningstar.
 13761 | Lair:4   | Received a gift from Okawaru
 13762 | Lair:4   | 13762 ||| SWAPPING to +0 heavy broad axe.
 13787 | Lair:4   | 13787 ||| RIP GAUNTLET
 13792 | Lair:4   | 13792 ||| PLANNING LAIR
 13800 | Lair:4   | 13800 ||| Stepping ~*~*~tactically~*~*~ (stealth).
 13841 | Lair:4   | 13841 ||| Stepping ~*~*~tactically~*~*~ (stealth).
 13849 | Lair:4   | Reached skill level 12 in Axes
 14016 | Lair:4   | Found a viscous altar of Jiyva.
 14016 | Lair:4   | Found a staircase to the Slime Pits.
 14087 | Lair:4   | 14087 ||| INVOKING Heroism.
 14335 | Lair:4   | 14335 ||| UPGRADING to +5 ring of evasion.
 14337 | Lair:4   | 14337 ||| UPGRADING to +6 ring of strength.
 14339 | Lair:4   | 14339 ||| DROPPING +4 ring of protection.
 14356 | Lair:5   | Entered Level 5 of the Lair of Beasts
 14447 | Lair:5   | 14447 ||| INVOKING Heroism.
 14448 | Lair:5   | 14448 ||| INVOKING Finesse.
 14451 | Lair:5   | 14451 ||| SWAPPING to +0 morningstar.
 14463 | Lair:5   | 14463 ||| SWAPPING to +0 heavy broad axe.
 14517 | Lair:5   | 14517 ||| Stepping ~*~*~tactically~*~*~ (stealth).
 14520 | Lair:5   | 14520 ||| Stepping ~*~*~tactically~*~*~ (stealth).
 14522 | Lair:5   | 14522 ||| Stepping ~*~*~tactically~*~*~ (stealth).
 14534 | Lair:5   | Received a gift from Okawaru
 14545 | Lair:5   | Gained mutation: Your large and strong wings let you fly.
                  | [Gargoyle growth]
 14545 | Lair:5   | Reached XP level 14. HP: 84/88 MP: 21/21
 14658 | Lair:5   | 14658 ||| Stepping ~*~*~tactically~*~*~ (hiding).
 14663 | Lair:5   | 14663 ||| INVOKING Heroism.
 14817 | Lair:5   | 14817 ||| READING scroll of enchant armour.
 14817 | Lair:5   | 14817 ||| ENCHANTING +0 plate armour.
 14858 | Lair:5   | 14858 ||| Stepping ~*~*~tactically~*~*~ (stealth).
 14859 | Lair:5   | 14859 ||| INVOKING Heroism.
 14861 | Lair:5   | 14861 ||| INVOKING Finesse.
 14907 | Lair:5   | 14907 ||| Stepping ~*~*~tactically~*~*~ (stealth).
 15094 | Lair:5   | 15094 ||| Stepping ~*~*~tactically~*~*~ (stealth).
 15136 | Lair:5   | 15136 ||| Stepping ~*~*~tactically~*~*~ (hiding).
 15137 | Lair:5   | 15137 ||| Stepping ~*~*~tactically~*~*~ (hiding).
 15138 | Lair:5   | 15138 ||| Stepping ~*~*~tactically~*~*~ (hiding).
 15177 | Lair:5   | 15177 ||| Stepping ~*~*~tactically~*~*~ (stealth).
 15203 | Lair:5   | 15203 ||| FLEEEEING.
 15204 | Lair:5   | 15204 ||| INVOKING Heroism.
 15205 | Lair:5   | 15205 ||| INVOKING Finesse.
 15218 | Lair:5   | 15218 ||| Stepping ~*~*~tactically~*~*~ (cloud).
 15339 | Lair:5   | 15339 ||| Stepping ~*~*~tactically~*~*~ (stealth).
 15340 | Lair:5   | 15340 ||| Stepping ~*~*~tactically~*~*~ (stealth).
 15344 | Lair:5   | 15344 ||| Stepping ~*~*~tactically~*~*~ (hiding).
 15486 | Lair:5   | 15486 ||| Stepping ~*~*~tactically~*~*~ (hiding).
 15504 | Lair:5   | Reached skill level 13 in Axes
 15524 | Lair:5   | 15524 ||| Stepping ~*~*~tactically~*~*~ (stealth).
 15533 | Lair:5   | 15533 ||| INVOKING Heroism.
 15535 | Lair:5   | 15535 ||| SWAPPING to +0 morningstar.
 15544 | Lair:5   | Reached skill level 15 in Shields
 15544 | Lair:5   | 15544 ||| SWAPPING to +0 heavy broad axe.
 15552 | Lair:5   | 15552 ||| INVOKING Finesse.
 15564 | Lair:5   | 15564 ||| Stepping ~*~*~tactically~*~*~ (hiding).
 15661 | Lair:5   | Noticed Rupert
 15662 | Lair:5   | 15662 ||| FLEEEEING.
 15705 | Lair:5   | 15705 ||| INVOKING Heroism.
 15706 | Lair:5   | 15706 ||| INVOKING Finesse.
 15713 | Lair:5   | Killed Rupert
 15714 | Lair:5   | Reached skill level 9 in Armour
 15818 | Lair:5   | 15818 ||| Stepping ~*~*~tactically~*~*~ (hiding).
 15820 | Lair:5   | 15820 ||| Stepping ~*~*~tactically~*~*~ (hiding).
 15821 | Lair:5   | 15821 ||| Stepping ~*~*~tactically~*~*~ (hiding).
 15828 | Lair:5   | 15828 ||| INVOKING Heroism.
 15939 | Lair:5   | 15939 ||| Stepping ~*~*~tactically~*~*~ (stealth).
 15967 | Lair:5   | 15967 ||| INVOKING Heroism.
 15973 | Lair:5   | Noticed a dire elephant
 15980 | Lair:5   | Killed a dire elephant
 15983 | Lair:5   | Received a gift from Okawaru
 16015 | Lair:5   | 16015 ||| Stepping ~*~*~tactically~*~*~ (hiding).
 16202 | Lair:5   | 16202 ||| PLANNING D:1-11
 16202 | Lair:5   | 16202 ||| UPGRADING to +1 crystal plate armour.
 16212 | Lair:5   | 16212 ||| DROPPING +1 plate armour.
 16213 | Lair:5   | 16213 ||| DROPPING +2 pair of gloves of infusion.
 16214 | Lair:5   | 16214 ||| DROPPING amulet of regeneration.
 16215 | Lair:5   | 16215 ||| READING scroll labelled LUGHUG YPOATH.
 16216 | Lair:5   | 16216 ||| DRINKING 2 bubbling red potions.
 16320 | Lair:5   | 16320 ||| DRINKING 2 fizzy silvery potions.
 16321 | Lair:5   | 16321 ||| DROPPING potion of berserk rage.
 16465 | D:10     | Entered Level 10 of the Dungeon
 16536 | D:10     | Found a staircase to the Orcish Mines.
 16671 | D:10     | 16671 ||| Stepping ~*~*~tactically~*~*~ (stealth).
 16675 | D:10     | 16675 ||| Stepping ~*~*~tactically~*~*~ (stealth).
 16677 | D:10     | 16677 ||| Stepping ~*~*~tactically~*~*~ (stealth).
 17236 | D:10     | 17236 ||| DROPPING +0 pair of gloves of hurling.
 17237 | D:10     | 17237 ||| DROPPING +6 ring of dexterity.
 17238 | D:10     | 17238 ||| DROPPING ring of fire.
 17322 | D:11     | 17322 ||| READING scroll of enchant armour.
 17322 | D:11     | 17322 ||| ENCHANTING +1 crystal plate armour.
 17558 | D:11     | 17558 ||| Stepping ~*~*~tactically~*~*~ (hiding).
 17625 | D:11     | 17625 ||| Stepping ~*~*~tactically~*~*~ (hiding).
 17626 | D:11     | 17626 ||| Stepping ~*~*~tactically~*~*~ (hiding).
 17629 | D:11     | 17629 ||| Stepping ~*~*~tactically~*~*~ (hiding).
 17907 | D:11     | Received a gift from Okawaru
 18034 | D:11     | 18034 ||| PLANNING D
 18034 | D:11     | 18034 ||| UPGRADING to +0 pair of boots.
 18141 | D:12     | 18141 ||| INVOKING Heroism.
 18142 | D:12     | 18142 ||| INVOKING Finesse.
 18180 | D:12     | 18180 ||| Stepping ~*~*~tactically~*~*~ (stealth).
 18277 | D:12     | 18277 ||| READING scroll of enchant armour.
 18277 | D:12     | 18277 ||| ENCHANTING +2 crystal plate armour.
 18595 | D:12     | Received a gift from Okawaru
 18668 | D:12     | Noticed Snorg
 18669 | D:12     | 18669 ||| INVOKING Heroism.
 18670 | D:12     | 18670 ||| INVOKING Finesse.
 18676 | D:12     | Killed Snorg
 18684 | D:12     | Reached XP level 15. HP: 92/92 MP: 16/22
 18827 | D:12     | 18827 ||| UPGRADING to +2 pair of boots.
 18837 | D:12     | 18837 ||| DROPPING +0 pair of boots.
 19120 | D:13     | 19120 ||| STAIRDANCE
 19124 | D:12     | Received a gift from Okawaru
 19125 | D:12     | Reached skill level 12 in Armour
 19190 | D:13     | Noticed Jorgrun
 19191 | D:13     | 19191 ||| Stepping ~*~*~tactically~*~*~ (hiding).
 19192 | D:13     | 19192 ||| Stepping ~*~*~tactically~*~*~ (hiding).
 19195 | D:13     | 19195 ||| INVOKING Heroism.
 19196 | D:13     | 19196 ||| INVOKING Finesse.
 19202 | D:13     | Killed Jorgrun
 19360 | D:13     | Identified the +0 ring mail of Aschesku {rC+}
 19418 | D:13     | Noticed Erolcha
 19424 | D:13     | Killed Erolcha
 19424 | D:13     | Received a gift from Okawaru
 19428 | D:13     | 19428 ||| FLEEEEING.
 19429 | D:13     | 19429 ||| FLEEEEING.
 19430 | D:13     | 19430 ||| FLEEEEING.
 19431 | D:13     | 19431 ||| FLEEEEING.
 19432 | D:13     | 19432 ||| FLEEEEING.
 19433 | D:13     | 19433 ||| FLEEEEING.
 19434 | D:13     | 19434 ||| FLEEEEING.
 19435 | D:13     | 19435 ||| FLEEEEING.
 19436 | D:13     | 19436 ||| FLEEEEING.
 19437 | D:13     | 19437 ||| FLEEEEING.
 19438 | D:13     | 19438 ||| FLEEEEING.
 19639 | D:13     | 19639 ||| READING scroll of enchant weapon.
 19639 | D:13     | 19639 ||| ENCHANTING +0 heavy broad axe.
 19640 | D:13     | You are sucked into a shaft and drop 1 floor!
 19679 | D:14     | 19679 ||| Stepping ~*~*~tactically~*~*~ (hiding).
 19688 | D:14     | Reached skill level 14 in Axes
 19887 | D:14     | Found Gozag's Platinum Reserve.
 19890 | D:14     | Found an opulent altar of Gozag.
 19897 | D:14     | 19897 ||| SHOPLISTING ring of Mothirunt {rN+ rCorr Str-3
                  | Dex+2} (2910 gold, have 1101).
 19897 | D:14     | 19897 ||| SHOPLISTING ring of Xom's Whimsicality {Fire
                  | rPois rCorr Str+4 Dex-3} (4390 gold, have 1101).
 20032 | D:14     | 20032 ||| Stepping ~*~*~tactically~*~*~ (hiding).
 20034 | D:14     | 20034 ||| INVOKING Heroism.
 20210 | D:14     | 20210 ||| INVOKING Heroism.
 20211 | D:14     | 20211 ||| Stepping ~*~*~tactically~*~*~ (stealth).
 20317 | D:14     | 20317 ||| Stepping ~*~*~tactically~*~*~ (hiding).
 20318 | D:14     | 20318 ||| Stepping ~*~*~tactically~*~*~ (hiding).
 20325 | D:14     | Identified the scarf of the Game of Kings {shadows, Rampage
                  | +Inv rCorr} (Okawaru gifted it to you on level 14 of the
                  | Dungeon)
 20325 | D:14     | Received a gift from Okawaru
 20331 | D:14     | Noticed Urug
 20332 | D:14     | 20332 ||| INVOKING Heroism.
 20333 | D:14     | 20333 ||| INVOKING Finesse.
 20339 | D:14     | Killed Urug
 20347 | D:14     | Found a gate to the Vaults.
 20406 | D:14     | 20406 ||| INVOKING Heroism.
 20588 | D:14     | 20588 ||| INVOKING Heroism.
 20589 | D:14     | 20589 ||| INVOKING Finesse.
 20590 | D:14     | 20590 ||| SWAPPING to +0 morningstar.
 20595 | D:14     | 20595 ||| SWAPPING to +1 heavy broad axe.
 20660 | D:14     | 20660 ||| INVOKING Heroism.
 20859 | D:14     | Found an iron altar of Okawaru.
 21017 | D:15     | Entered Level 15 of the Dungeon
 21106 | D:15     | 21106 ||| INVOKING Heroism.
 21160 | D:15     | Found a staircase to the Depths.
 21160 | D:15     | Noticed a fire giant
 21161 | D:15     | 21161 ||| INVOKING Heroism.
 21169 | D:15     | Killed a fire giant
 21617 | D:15     | 21617 ||| PLANNING ORC
 21617 | D:15     | 21617 ||| DROPPING ring of willpower.
 21747 | Orc:1    | Entered Level 1 of the Orcish Mines
 21766 | Orc:1    | 21766 ||| Stepping ~*~*~tactically~*~*~ (stealth).
 21768 | Orc:1    | 21768 ||| Stepping ~*~*~tactically~*~*~ (hiding).
 21769 | Orc:1    | 21769 ||| Stepping ~*~*~tactically~*~*~ (hiding).
 21778 | Orc:1    | 21778 ||| INVOKING Heroism.
 21879 | Orc:1    | 21879 ||| Stepping ~*~*~tactically~*~*~ (hiding).
 21885 | Orc:1    | 21885 ||| Stepping ~*~*~tactically~*~*~ (hiding).
 21997 | Orc:1    | 21997 ||| Stepping ~*~*~tactically~*~*~ (hiding).
 22001 | Orc:1    | 22001 ||| DRINKING 8 potions of curing.
 22001 | Orc:1    | 22001 ||| (to cure confusion)
 22182 | Orc:1    | Found a runed translucent gate.
 22182 | Orc:1    | Found a runed translucent gate.
 22182 | Orc:1    | Found a runed translucent gate.
 22182 | Orc:1    | Noticed Tinen's ghost (journeyman TrMo)
 22183 | Orc:1    | Noticed Ciata's ghost (journeyman MiBe)
 22681 | Orc:2    | Entered Level 2 of the Orcish Mines
 22735 | Orc:2    | Found a staircase to the Elven Halls.
 22752 | Orc:2    | 22752 ||| Stepping ~*~*~tactically~*~*~ (hiding).
 22754 | Orc:2    | 22754 ||| Stepping ~*~*~tactically~*~*~ (hiding).
 22756 | Orc:2    | 22756 ||| INVOKING Heroism.
 22768 | Orc:2    | 22768 ||| Stepping ~*~*~tactically~*~*~ (stealth).
 22791 | Orc:2    | 22791 ||| Stepping ~*~*~tactically~*~*~ (hiding).
 22792 | Orc:2    | 22792 ||| Stepping ~*~*~tactically~*~*~ (hiding).
 22793 | Orc:2    | 22793 ||| Stepping ~*~*~tactically~*~*~ (hiding).
 22796 | Orc:2    | 22796 ||| INVOKING Heroism.
 22808 | Orc:2    | Received a gift from Okawaru
 22811 | Orc:2    | HP: 17/94 [orc priest/divine providence (14)]
 22812 | Orc:2    | 22812 ||| READING 4 scrolls of teleportation.
 22813 | Orc:2    | 22813 ||| DRINKING potion of heal wounds.
 23057 | Orc:2    | 23057 ||| Stepping ~*~*~tactically~*~*~ (hiding).
 23058 | Orc:2    | 23058 ||| Stepping ~*~*~tactically~*~*~ (hiding).
 23059 | Orc:2    | 23059 ||| INVOKING Heroism.
 23065 | Orc:2    | Reached skill level 6 in Throwing
 23080 | Orc:2    | Found Miwen's General Store.
 23080 | Orc:2    | Found Pifyaby's Antique Weapon Emporium.
 23122 | Orc:2    | Found Ososoof's Antique Weapon Shop.
 23122 | Orc:2    | Found Seshicitt's Book Emporium.
 23128 | Orc:2    | 23128 ||| BUYING scroll of teleportation (48 gold).
 23128 | Orc:2    | Bought a scroll of teleportation for 48 gold pieces
 23128 | Orc:2    | 23128 ||| BUYING scroll of teleportation (48 gold).
 23128 | Orc:2    | Bought a scroll of teleportation for 48 gold pieces
 23131 | Orc:2    | 23131 ||| BUYING polished war axe (212 gold).
 23131 | Orc:2    | Bought a polished war axe for 212 gold pieces
 23131 | Orc:2    | Identified the +5 war axe "Serujicy" {heavy, *Noise Will+
                  | Dex+4} (You bought it in a shop on level 2 of the Orcish
                  | Mines)
 23131 | Orc:2    | 23131 ||| DROPPING +5 war axe "Serujicy" {heavy, *Noise
                  | Will+ Dex+4}.
 23240 | Orc:2    | 23240 ||| FLEEEEING.
 23243 | Orc:2    | 23243 ||| INVOKING Heroism.
 23253 | Orc:2    | Reached XP level 16. HP: 61/100 MP: 21/23
 23259 | Orc:2    | Received a gift from Okawaru
 23438 | Orc:2    | 23438 ||| DROPPING +0 morningstar.
 23498 | Orc:2    | Found Pacho's Armour Boutique.
 23501 | Orc:2    | 23501 ||| BUYING +3 tower shield of Weirdness {Rampage
                  | *Corrode rF++} (499 gold).
 23501 | Orc:2    | Bought the +3 tower shield of Weirdness {Rampage *Corrode
                  | rF++} for 499 gold pieces
 23503 | Orc:2    | 23503 ||| UPGRADING to +3 tower shield of Weirdness
                  | {Rampage *Corrode rF++}.
 23513 | Orc:2    | 23513 ||| DROPPING +0 tower shield.
 23591 | Orc:2    | Noticed Sonja
 23593 | Orc:2    | 23593 ||| Stepping ~*~*~tactically~*~*~ (hiding).
 23594 | Orc:2    | 23594 ||| Stepping ~*~*~tactically~*~*~ (stealth).
 23595 | Orc:2    | 23595 ||| Stepping ~*~*~tactically~*~*~ (hiding).
 23596 | Orc:2    | 23596 ||| Stepping ~*~*~tactically~*~*~ (hiding).
 23597 | Orc:2    | 23597 ||| Stepping ~*~*~tactically~*~*~ (hiding).
 23600 | Orc:2    | 23600 ||| STAIRDANCE
 23607 | Orc:1    | 23607 ||| INVOKING Heroism.
 23611 | Orc:1    | Killed Sonja
 23634 | Orc:1    | 23634 ||| INVOKING Heroism.
 23647 | Orc:1    | Noticed Nergalle
 23666 | Orc:1    | Killed Nergalle
 23856 | Orc:1    | Noticed Fannar
 23865 | Orc:1    | Killed Fannar
 23866 | Orc:1    | Reached skill level 15 in Axes
 24120 | Orc:1    | Found a transporter.
 24296 | Orc:2    | 24296 ||| PLANNING SNAKE:1-3
 24458 | Snake:1  | Entered Level 1 of the Snake Pit
 24469 | Snake:1  | 24469 ||| Stepping ~*~*~tactically~*~*~ (hiding).
 24592 | Snake:1  | 24592 ||| READING scroll of enchant weapon.
 24592 | Snake:1  | 24592 ||| ENCHANTING +1 heavy broad axe.
 24603 | Snake:1  | 24603 ||| Stepping ~*~*~tactically~*~*~ (hiding).
 24624 | Snake:1  | 24624 ||| Stepping ~*~*~tactically~*~*~ (stealth).
 24625 | Snake:1  | 24625 ||| Stepping ~*~*~tactically~*~*~ (stealth).
 24626 | Snake:1  | 24626 ||| Stepping ~*~*~tactically~*~*~ (stealth).
 24689 | Snake:1  | 24689 ||| Stepping ~*~*~tactically~*~*~ (hiding).
 24691 | Snake:1  | 24691 ||| Stepping ~*~*~tactically~*~*~ (hiding).
 24705 | Snake:1  | 24705 ||| FLEEEEING.
 24706 | Snake:1  | 24706 ||| FLEEEEING.
 24707 | Snake:1  | 24707 ||| FLEEEEING.
 24720 | Snake:1  | 24720 ||| FLEEEEING.
 24725 | Snake:1  | 24725 ||| Stepping ~*~*~tactically~*~*~ (stealth).
 24733 | Snake:1  | 24733 ||| FLEEEEING.
 24746 | Snake:1  | Reached skill level 12 in Fighting
 24777 | Snake:1  | 24777 ||| Stepping ~*~*~tactically~*~*~ (stealth).
 24798 | Snake:1  | 24798 ||| Stepping ~*~*~tactically~*~*~ (hiding).
 24803 | Snake:1  | 24803 ||| Stepping ~*~*~tactically~*~*~ (hiding).
 24805 | Snake:1  | 24805 ||| Stepping ~*~*~tactically~*~*~ (hiding).
 24807 | Snake:1  | 24807 ||| INVOKING Heroism.
 24812 | Snake:1  | Received a gift from Okawaru
 24850 | Snake:1  | Noticed Aizul
 24851 | Snake:1  | 24851 ||| Stepping ~*~*~tactically~*~*~ (hiding).
 24852 | Snake:1  | 24852 ||| INVOKING Heroism.
 24853 | Snake:1  | 24853 ||| INVOKING Finesse.
 24865 | Snake:1  | Killed Aizul
 25242 | Snake:1  | Found Weczooxe's Jewellery Emporium.
 25246 | Snake:1  | 25246 ||| Stepping ~*~*~tactically~*~*~ (hiding).
 25250 | Snake:1  | 25250 ||| Stepping ~*~*~tactically~*~*~ (hiding).
 25325 | Snake:1  | 25325 ||| BUYING ring of the Komodo Dragon {Fire Str+3
                  | Dex-5} (500 gold).
 25325 | Snake:1  | Bought the ring of the Komodo Dragon {Fire Str+3 Dex-5} for
                  | 500 gold pieces
 25331 | Snake:1  | 25331 ||| Stepping ~*~*~tactically~*~*~ (stealth).
 25652 | Snake:2  | 25652 ||| INVOKING Heroism.
 25695 | Snake:2  | 25695 ||| READING scroll of enchant armour.
 25695 | Snake:2  | 25695 ||| ENCHANTING +3 crystal plate armour.
 25703 | Snake:2  | Found a transporter.
 25727 | Snake:2  | Identified the +2 battleaxe of Faxuru {vamp, Will+ SInv}
 25766 | Snake:2  | 25766 ||| Stepping ~*~*~tactically~*~*~ (hiding).
 25769 | Snake:2  | 25769 ||| Stepping ~*~*~tactically~*~*~ (hiding).
 25770 | Snake:2  | 25770 ||| Stepping ~*~*~tactically~*~*~ (hiding).
 25771 | Snake:2  | 25771 ||| Stepping ~*~*~tactically~*~*~ (hiding).
 25773 | Snake:2  | 25773 ||| INVOKING Heroism.
 25799 | Snake:2  | Received a gift from Okawaru
 25885 | Snake:2  | 25885 ||| Stepping ~*~*~tactically~*~*~ (stealth).
 25886 | Snake:2  | 25886 ||| Stepping ~*~*~tactically~*~*~ (stealth).
 25888 | Snake:2  | 25888 ||| Stepping ~*~*~tactically~*~*~ (hiding).
 25889 | Snake:2  | 25889 ||| Stepping ~*~*~tactically~*~*~ (hiding).
 25948 | Snake:2  | 25948 ||| Stepping ~*~*~tactically~*~*~ (stealth).
 25950 | Snake:2  | 25950 ||| Stepping ~*~*~tactically~*~*~ (hiding).
 25952 | Snake:2  | 25952 ||| Stepping ~*~*~tactically~*~*~ (hiding).
 25955 | Snake:2  | 25955 ||| INVOKING Heroism.
 25964 | Snake:2  | 25964 ||| Stepping ~*~*~tactically~*~*~ (hiding).
 25969 | Snake:2  | 25969 ||| Stepping ~*~*~tactically~*~*~ (hiding).
 25970 | Snake:2  | 25970 ||| Stepping ~*~*~tactically~*~*~ (hiding).
 26038 | Snake:2  | 26038 ||| INVOKING Heroism.
 26190 | Snake:2  | 26190 ||| INVOKING Heroism.
 26356 | Snake:2  | Found a transporter.
 26418 | Snake:2  | 26418 ||| Stepping ~*~*~tactically~*~*~ (hiding).
 26419 | Snake:2  | 26419 ||| Stepping ~*~*~tactically~*~*~ (hiding).
 26421 | Snake:2  | 26421 ||| Stepping ~*~*~tactically~*~*~ (hiding).
 26422 | Snake:2  | 26422 ||| Stepping ~*~*~tactically~*~*~ (hiding).
 26423 | Snake:2  | 26423 ||| Stepping ~*~*~tactically~*~*~ (hiding).
 26922 | Snake:3  | 26922 ||| Stepping ~*~*~tactically~*~*~ (hiding).
 26984 | Snake:3  | 26984 ||| INVOKING Heroism.
 26985 | Snake:3  | Received a gift from Okawaru
 26986 | Snake:3  | Reached skill level 16 in Axes
 27005 | Snake:3  | Received a gift from Okawaru
 27006 | Snake:3  | Reached XP level 17. HP: 27/106 MP: 24/24
 27239 | Snake:3  | 27239 ||| Stepping ~*~*~tactically~*~*~ (stealth).
 27241 | Snake:3  | 27241 ||| Stepping ~*~*~tactically~*~*~ (hiding).
 27245 | Snake:3  | 27245 ||| Stepping ~*~*~tactically~*~*~ (hiding).
 27248 | Snake:3  | 27248 ||| Stepping ~*~*~tactically~*~*~ (hiding).
 27255 | Snake:3  | Identified the +10 rapier "Xydgh" {flame, rPois}
 27267 | Snake:3  | 27267 ||| Stepping ~*~*~tactically~*~*~ (stealth).
 27304 | Snake:3  | 27304 ||| Stepping ~*~*~tactically~*~*~ (stealth).
 27308 | Snake:3  | 27308 ||| Stepping ~*~*~tactically~*~*~ (hiding).
 27309 | Snake:3  | 27309 ||| Stepping ~*~*~tactically~*~*~ (hiding).
 27729 | Snake:3  | 27729 ||| Stepping ~*~*~tactically~*~*~ (hiding).
 27730 | Snake:3  | 27730 ||| Stepping ~*~*~tactically~*~*~ (hiding).
 27850 | Snake:3  | 27850 ||| Stepping ~*~*~tactically~*~*~ (hiding).
 27851 | Snake:3  | 27851 ||| INVOKING Heroism.
 28031 | Snake:3  | 28031 ||| PLANNING SWAMP:1-3
 28139 | Swamp:1  | Entered Level 1 of the Swamp
 28166 | Swamp:1  | 28166 ||| Stepping ~*~*~tactically~*~*~ (cloud).
 28169 | Swamp:1  | 28169 ||| Stepping ~*~*~tactically~*~*~ (cloud).
 28170 | Swamp:1  | 28170 ||| INVOKING Heroism.
 28172 | Swamp:1  | 28172 ||| Stepping ~*~*~tactically~*~*~ (cloud).
 28181 | Swamp:1  | 28181 ||| Stepping ~*~*~tactically~*~*~ (cloud).
 28186 | Swamp:1  | 28186 ||| FLEEEEING.
 28187 | Swamp:1  | 28187 ||| FLEEEEING.
 28188 | Swamp:1  | 28188 ||| STAIRDANCE
 28334 | Swamp:1  | 28334 ||| Stepping ~*~*~tactically~*~*~ (hiding).
 28337 | Swamp:1  | 28337 ||| INVOKING Heroism.
 28471 | Swamp:1  | Reached skill level 15 in Armour
 28473 | Swamp:1  | 28473 ||| INVOKING Heroism.
 28500 | Swamp:1  | 28500 ||| Stepping ~*~*~tactically~*~*~ (stealth).
 28988 | Swamp:2  | 28988 ||| INVOKING Heroism.
 28997 | Swamp:2  | Noticed Donald
 28998 | Swamp:2  | 28998 ||| INVOKING Finesse.
 29000 | Swamp:2  | 29000 ||| SWAPPING to +1 war axe of flaming.
 29006 | Swamp:2  | Reached skill level 3 in Dodging
 29006 | Swamp:2  | 29006 ||| SWAPPING to +2 heavy broad axe.
 29016 | Swamp:2  | Received a gift from Okawaru
 29018 | Swamp:2  | Killed Donald
 29020 | Swamp:2  | 29020 ||| INVOKING Heroism.
 29034 | Swamp:2  | Noticed Nikola
 29042 | Swamp:2  | Killed Nikola
 29148 | Swamp:2  | 29148 ||| Stepping ~*~*~tactically~*~*~ (stealth).
 29149 | Swamp:2  | 29149 ||| Stepping ~*~*~tactically~*~*~ (stealth).
 29150 | Swamp:2  | 29150 ||| Stepping ~*~*~tactically~*~*~ (stealth).
 29151 | Swamp:2  | 29151 ||| INVOKING Heroism.
 29152 | Swamp:2  | 29152 ||| SWAPPING to +1 war axe of flaming.
 29156 | Swamp:2  | 29156 ||| SWAPPING to +2 heavy broad axe.
 29348 | Swamp:2  | 29348 ||| Stepping ~*~*~tactically~*~*~ (stealth).
 29391 | Swamp:2  | 29391 ||| Stepping ~*~*~tactically~*~*~ (hiding).
 29399 | Swamp:2  | 29399 ||| Stepping ~*~*~tactically~*~*~ (stealth).
 29444 | Swamp:2  | 29444 ||| INVOKING Heroism.
 29515 | Swamp:2  | 29515 ||| INVOKING Heroism.
 29707 | Swamp:2  | 29707 ||| UPGRADING to +1 hat.
 29729 | Swamp:3  | Noticed Mara
 29730 | Swamp:3  | 29730 ||| INVOKING Heroism.
 29742 | Swamp:3  | Killed Mara
 29743 | Swamp:3  | Reached skill level 17 in Axes
 29751 | Swamp:3  | 29751 ||| SWAPPING to +1 war axe of flaming.
 29756 | Swamp:3  | Received a gift from Okawaru
 29757 | Swamp:3  | 29757 ||| SWAPPING to +2 heavy broad axe.
 29769 | Swamp:3  | 29769 ||| INVOKING Heroism.
 29773 | Swamp:3  | Received a gift from Okawaru
 29938 | Swamp:3  | 29938 ||| INVOKING Heroism.
 29943 | Swamp:3  | 29943 ||| SWAPPING to +1 war axe of flaming.
 29951 | Swamp:3  | 29951 ||| SWAPPING to +2 heavy broad axe.
 30167 | Swamp:3  | 30167 ||| Stepping ~*~*~tactically~*~*~ (stealth).
 30171 | Swamp:3  | 30171 ||| Stepping ~*~*~tactically~*~*~ (stealth).
 30172 | Swamp:3  | 30172 ||| INVOKING Heroism.
 30246 | Swamp:3  | Found a stormy altar of Qazlal.
 30256 | Swamp:3  | 30256 ||| Stepping ~*~*~tactically~*~*~ (hiding).
 30268 | Swamp:3  | Received a gift from Okawaru
 30274 | Swamp:3  | 30274 ||| Stepping ~*~*~tactically~*~*~ (stealth).
 30738 | Swamp:3  | 30738 ||| PLANNING SNAKE:4
 30772 | Swamp:1  | Noticed Kirke
 30775 | Swamp:1  | 30775 ||| DRINKING 2 potions of cancellation.
 30777 | Swamp:1  | 30777 ||| Stepping ~*~*~tactically~*~*~ (stealth).
 30780 | Swamp:1  | 30780 ||| Stepping ~*~*~tactically~*~*~ (stealth).
 30783 | Swamp:1  | 30783 ||| DRINKING potion of cancellation.
 30785 | Swamp:1  | Killed Kirke
 30786 | Swamp:1  | Reached XP level 18. HP: 114/114 MP: 25/25
 30788 | Swamp:1  | 30788 ||| DROPPING +1 war axe of flaming.
 30919 | Snake:4  | Entered Level 4 of the Snake Pit
 30921 | Snake:4  | 30921 ||| Stepping ~*~*~tactically~*~*~ (hiding).
 30926 | Snake:4  | 30926 ||| INVOKING Heroism.
 30936 | Snake:4  | 30936 ||| Stepping ~*~*~tactically~*~*~ (hiding).
 30937 | Snake:4  | 30937 ||| Stepping ~*~*~tactically~*~*~ (hiding).
 30949 | Snake:4  | Received a gift from Okawaru
 30965 | Snake:4  | 30965 ||| INVOKING Heroism.
 31049 | Snake:4  | 31049 ||| Stepping ~*~*~tactically~*~*~ (hiding).
 31072 | Snake:4  | 31072 ||| Stepping ~*~*~tactically~*~*~ (stealth).
 31135 | Snake:4  | Received a gift from Okawaru
 31135 | Snake:4  | Found the +1 cloak of Starlight {*Dazzle EV+4 Stlth--}
 31136 | Snake:4  | 31136 ||| INVOKING Heroism.
 31138 | Snake:4  | 31138 ||| Stepping ~*~*~tactically~*~*~ (hiding).
 31147 | Snake:4  | Reached skill level 18 in Axes
 31156 | Snake:4  | HP: 23/114 [nagaraja/+0 antimagic halberd (14)]
 31157 | Snake:4  | 31157 ||| READING 5 scrolls of teleportation.
 31157 | Snake:4  | HP: 9/114 [nagaraja/+0 spear (6)]
 31159 | Snake:4  | HP: 4/114 [nagaraja/+0 antimagic halberd (7)]
 31159 | Snake:4  | Slain by a salamander

Levels and vault maps discovered:
D:1:      spicycebolla_arrival_clurvy, layout_loops_ring, minmay_fountain_box,
          chequers_serial_rivers_room_a, amethyst_killhole, minivault_26
D:2:      minmay_recursive_quarters, layout_basic, corexii_hall_statues_u,
          minmay_misc_feat_doors
D:3:      cheibrodos_pilgrimage, layout_loops_cross, nicolae_overflow_squiral,
          chequers_serial_rivers_large_b, uniq_terence
D:4:      layout_loops_ring, minmay_shop_mass, hangedman_decor_clover_reticule,
          uniq_ijyb, uniq_blork_the_orc
D:5:      kennysheep_kobold_camp, layout_cave_pods, serial_shops,
          nicolae_shop_real_fake_doors
D:6:      layout_rooms, grunt_temple_overflow_gold_and_silver,
          roderic_nine_men_s_morris, uniq_eustachio
D:7:      layout_rooms, minmay_temple_entry_offerings, worms_lemuel,
          uniq_joseph, uniq_pikel
D:8:      layout_basic
D:9:      layout_cave_pools, minmay_lair_entry_grove
D:10:     layout_irregular_city, orc_0_dummy, nrook_mini_vaults
D:11:     layout_long_grid
D:12:     layout_gridville, drop_trap, uniq_snorg
D:13:     layout_small_grid, serial_glass, glass_columns_c, glass_columns_b,
          uniq_jorgrun, uniq_erolcha
D:14:     layout_loops_corners, david_vaults_3, serial_glass, glass_columns_a,
          glass_columns_a, nicolae_gozag_zags_fifth_avenue,
          okawaru_metal_pillars_1_2
D:15:     grunt_enter_depths_giant_problem, layout_basic,
          minmay_misc_feat_columns, serial_glass, glass_columns_b,
          glass_columns_c, minmay_misc_feat_more_columns,
          hangedman_abyss_or_decor_stabs, dreamdust_princess_bridge
Temple:   hc_temple_tempest_star
Lair:1:   layout_cave_pods, lemuel_fruit_tree
Lair:2:   layout_regular_city, swamp_mist_pool, grunt_megastairs_2
Lair:3:   layout_layer_cave, guppyfry_snake_entry_island,
          grunt_forest_small_clearing_treed
Lair:4:   layout_regular_city, dpeg_slime_entry_enclosed, gauntlet_entry_generic
Lair:5:   guppyfry_lair_end_dragon, layout_small_grid, hangedman_lair_in_review,
          chequers_serial_rivers_micro_a, minmay_lindwurm_lava, uniq_rupert
Swamp:1:  layout_falls_marsh, portal_ice_cave_entry_frozen_things,
          infiniplex_staircase_pool_2, uniq_kirke
Swamp:2:  layout_basic_swamp, nicolae_swamp_dense_foliage,
          hangedman_swamp_blocks, uniq_nikola, uniq_donald
Swamp:3:  layout_basic_swamp, evilmike_swamp_ruin_house_4, swamp_pool2,
          nicolae_swamp_godswood, infiniplex_staircase_pool, uniq_mara
Snake:1:  layout_gridlike, serial_shops, nicolae_shop_getting_attention,
          uniq_aizul
Snake:2:  gammafunk_its_a_trap, layout_onion, serial_bayou_pond_c
Snake:3:  layout_layer_cave
Snake:4:  grunt_snake_rune_serpentine_throne, layout_misc_corridors,
          grunt_megastairs_3, serial_bayou_shore_a, serial_bayou_shore_b
Orc:1:    emtedronai_trogs_sanctum, layout_caves, basic_altar,
          gammafunk_ghost_cemetery, mines1_david, uniq_fannar, uniq_nergalle
Orc:2:    grunt_orc_tribal_feast, layout_caves, serial_shops,
          nicolae_shop_tiny_real_fake_doors, uniq_sonja

Skill      XL: |  1  2  3  4  5  6  7  8  9 10 11 12 13 14 15 16 17 18 |
---------------+-------------------------------------------------------+-----
Axes           | 2 3 4 5 6 7 8 9 10 11 12 13 14 16 17 18 | 18.0
Fighting       | 4 5 6 7 8 9 10 11 12 13 | 13.0
Armour         | 4 5 6 7 8 11 13 14 15 | 15.0
Dodging        | 1 2 3 |  3.0
Throwing       | 1 4 5 6 7 |  7.0
Shields        | 7 11 13 14 15 16 17 | 17.5
Invocations    | 4 5 9 10 | 10.0

Action                     |  1- 3 |  4- 6 |  7- 9 | 10-12 | 13-15 | 16-18 || total
---------------------------+-------+-------+-------+-------+-------+-------++-------
  Melee: War axe           |    85 |   173 |   302 |   558 |   124 |    20 ||  1262
         Headbutt          |       |    18 |    49 |   112 |   159 |   160 ||   498
         Broad axe         |       |       |       |       |   612 |   732 ||  1344
         Morningstar       |       |       |       |       |    30 |       ||    30
  Throw: Boomerang         |       |       |     5 |    28 |    57 |     8 ||    98
         Javelin           |       |       |       |       |   105 |   110 ||   215
 Invoke: Heroism           |       |       |       |    24 |    30 |    26 ||    80
         Finesse           |       |       |       |     2 |    12 |     2 ||    16
    Use: Scroll            |     5 |    10 |     5 |     5 |     6 |     3 ||    34
         Potion            |     1 |     1 |       |     6 |     4 |     2 ||    14
   Stab: Distracted        |       |       |       |       |     1 |     1 ||     2
 Armour: Scale mail        |    42 |    59 |       |       |       |       ||   101
         Plate armour      |       |    54 |   292 |   359 |   200 |       ||   905
         Crystal plate arm |       |       |       |       |   239 |   437 ||   676
  Dodge: Dodged            |    44 |    66 |    76 |   146 |   254 |   260 ||   846
  Block: Buckler           |    12 |    23 |    66 |       |       |       ||   101
         Tower shield      |       |       |    37 |   524 |   690 |   932 ||  2183

Table legend:
 A = Non-vault XP
 B = Vault XP
 C = Vault XP percentage of total XP
 D = Non-vault monster count
 E = Vault monster count
 F = Vault count percentage of total count
                 A         B        C        D         E       F
            +---------+---------+-------+---------+---------+-------
      Total |  196335 |   69173 |  26.1 |     694 |     191 |  21.6
            +---------+---------+-------+---------+---------+-------
        D:1 |      32 |       0 |   0.0 |      17 |       0 |   0.0
        D:2 |     141 |      44 |  23.8 |      16 |      12 |  42.9
        D:3 |      49 |      89 |  64.5 |      20 |       6 |  23.1
        D:4 |     457 |     134 |  22.7 |      28 |       2 |   6.7
        D:5 |     913 |     131 |  12.5 |      20 |      21 |  51.2
        D:6 |    1370 |     203 |  12.9 |      27 |       1 |   3.6
        D:7 |     438 |    1297 |  74.8 |      12 |       3 |  20.0
        D:8 |    1060 |       0 |   0.0 |      17 |       0 |   0.0
        D:9 |    1030 |    1967 |  65.6 |      16 |      13 |  44.8
       D:10 |    3473 |       0 |   0.0 |      20 |       0 |   0.0
       D:11 |    2118 |       0 |   0.0 |       7 |       0 |   0.0
       D:12 |    6397 |     928 |  12.7 |      24 |       1 |   4.0
       D:13 |    2763 |    2729 |  49.7 |      10 |       2 |  16.7
       D:14 |   11302 |    5943 |  34.5 |      22 |      20 |  47.6
       D:15 |    5083 |    1228 |  19.5 |       9 |       1 |  10.0
     Lair:1 |    8823 |       0 |   0.0 |      30 |       0 |   0.0
     Lair:2 |    3820 |     829 |  17.8 |      15 |       4 |  21.1
     Lair:3 |   13964 |     323 |   2.3 |      41 |       2 |   4.7
     Lair:4 |   11458 |       0 |   0.0 |      32 |       0 |   0.0
     Lair:5 |    9439 |   17874 |  65.4 |      31 |      40 |  56.3
    Swamp:1 |   12001 |    2132 |  15.1 |      29 |       3 |   9.4
    Swamp:2 |   12291 |    3695 |  23.1 |      25 |       2 |   7.4
    Swamp:3 |   19064 |    4230 |  18.2 |      30 |       1 |   3.2
    Snake:1 |   16525 |    1220 |   6.9 |      34 |       1 |   2.9
    Snake:2 |   14627 |       0 |   0.0 |      29 |       0 |   0.0
    Snake:3 |   21642 |       0 |   0.0 |      36 |       0 |   0.0
    Snake:4 |    7358 |   14202 |  65.9 |      15 |      23 |  60.5
      Orc:1 |    4558 |    2452 |  35.0 |      53 |       3 |   5.4
      Orc:2 |    4139 |    7523 |  64.5 |      29 |      30 |  50.8
            +---------+---------+-------+---------+---------+-------
